 Dungeon Crawl Stone Soup version 0.31-a0-620-gd1cbd99268 (webtiles) character file.

Game seed: 15415128283819188387

5195 Dittersdorf the Protected (level 10, -2/66 HPs)
             Began as a Gargoyle Fighter on Aug 23, 2023.
             Was a Believer of Okawaru.
             Slain by a wolf (8 damage)
             ... on level 8 of the Dungeon.
             The game lasted 00:13:38 (8425 turns).

Dittersdorf the Protected (Gargoyle Fighter)        Turns: 8425, Time: 00:13:38

Health: -2/66      AC: 19    Str: 24    XL:     10   Next: 60%
Magic:  10/10      EV:  8    Int:  9    God:    Okawaru [**....]
Gold:   128        SH:  6    Dex: 15    Spells: 9/9 levels left

rFire   + . .        p - +7 flail of Sesehon {flame, rElec rF+ rN+ rCorr}
rCold   . . .        c - +0 buckler
rNeg    + + .        i - +0 chain mail
rPois   ∞            a - +0 helmet
rElec   +            (no cloak)
rCorr   +            (no gloves)
SInv    +            (no boots)
Will    .....        q - amulet of the acrobat Stlth
                     k - ring of see invisible
HPRegen 0.31/turn    v - +6 ring of dexterity
MPRegen 0.12/turn

%: acrobat
@: no status effects
A: sickness immunity, AC +7, negative energy resistance 1, electricity
resistance, torment resistance 1, petrification resistance
a: Renounce Religion, Heroism


You were on level 8 of the Dungeon.
You worshipped Okawaru.
Okawaru was pleased with you.
You visited 2 branches of the dungeon, and saw 10 of its levels.
You also visited: Sewer.

You collected 332 gold pieces.
You spent 204 gold pieces at shops.

Inventory:

Hand Weapons
 l - a +0 morningstar
 p - the +7 flail of Sesehon (weapon) {flame, rElec rF+ rN+ rCorr}
   (You bought it in a shop on level 6 of the Dungeon)

   rF+:       It protects you from fire.
   rElec:     It insulates you from electricity.
   rN+:       It protects you from negative energy.
   rCorr:     It protects you from acid and corrosion.
Missiles
 z - a curare-tipped dart (quivered)
Armour
 a - a +0 helmet (worn)
 c - a +0 buckler (worn)
 i - a +0 chain mail (worn)
Magical Staves
 o - a staff of earth
Jewellery
 k - a ring of see invisible (left hand)
 q - an amulet of the acrobat (around neck)
 v - a +6 ring of dexterity (right hand)
Wands
 u - a wand of flame (11)
 y - a wand of iceblast (12)
Scrolls
 g - 2 scrolls of butterflies
 n - 2 scrolls of blinking
 s - 3 scrolls of teleportation
 x - a scroll of revelation
 A - a scroll of poison
Potions
 b - 6 potions of mutation {unknown}
 d - 3 potions of might
 e - 3 potions of resistance {unknown}
 f - a potion of haste
 h - a potion of magic
 j - 3 potions of curing
 m - a potion of heal wounds
 r - a potion of brilliance
 t - a potion of cancellation
 w - a potion of enlightenment


   Skills:
 + Level 9.1 Fighting
 + Level 8.0 Maces & Flails
 + Level 9.1 Armour
 + Level 9.1 Shields


You had 9 spell levels left.
You didn't know any spells.
Your spell library contained the following spells:

 Spells                   Type           Power      Damage    Failure   Level
 Blink                    Tloc           0%         N/A       97%         2
 Lesser Beckoning         Tloc           0%         N/A       97%         2
 Poisonous Vapours        Pois/Air       0%         N/A       97%         2
 Gell's Gravitas          Tloc           0%         N/A       99%         3
 Mephitic Cloud           Conj/Pois/Air  0%         N/A       99%         3
 Teleport Other           Tloc           0%         N/A       99%         3
 Manifold Assault         Tloc           0%         N/A       100%        4
 Freezing Cloud           Conj/Ice/Air   0%         6-21      100%        5


Dungeon Overview and Level Annotations

Branches:
Dungeon (9/15)             Temple (1/1) D:7            Lair (0/5) D:9
  Sewer (visited)
    Orc: D:9-12

Altars:
Cheibriados
Dithmenos
Elyvilon
Fedhas
Gozag
Hepliaklqana
Kikubaaqudgha
Makhleb
Nemelex Xobeh
Okawaru
Qazlal
Ru
Sif Muna
Trog
Uskayaw
Wu Jian
Xom
Yredelemnul
Zin
The Shining One

Shops:
D:1 ?   D:2 =   D:6 (   D:8 [

Annotations:
D:4 1 runed translucent door, Pokonic1's ghost, novice DsIE
D:6 3 runed translucent doors, HilariousDeathArtist's ghost, novice KoHs
D:7 3 runed translucent doors, Selrock's ghost, novice GrFi
D:9 Prince Ribbit


Innate Abilities, Weirdness & Mutations

You are immune to sickness and miasma.
Your stone body is resilient. (AC +7)
You are immune to poison.
You resist negative energy. (rN+)
You are resistant to electric shocks. (rElec)
You are resistant to unholy torment.
You are immune to petrification.


Message History

* * * LOW HITPOINT WARNING * * *
You block the wolf's attack. You block the wolf's attack.
The wolf attacks as it pursues you! You block the wolf's attack.
The wight attacks as it pursues you! The wight misses you.
The wolf stops to sniff the ground.
The wolf attacks as it pursues you! The wolf completely misses you.
You block the wolf's attack.
Prince Ribbit lets out a mournful croak.
The wolf closely misses you. The wight attacks as it pursues you!
The wight barely misses you. The wolf attacks as it pursues you!
The wolf bites you!
* * * LOW HITPOINT WARNING * * *
The wight attacks as it pursues you! The wight hits you but does no damage.
The wolf closely misses you. You block the wolf's attack.
The wolf attacks as it pursues you! The wolf bites you but does no damage.
Prince Ribbit blinks!
The wolf completely misses you. You block Prince Ribbit's attack.
The wolf closely misses you.
Prince Ribbit attacks as he pursues you!
Prince Ribbit closely misses you. The wight attacks as it pursues you!
The wight misses you. Prince Ribbit misses you.
The wolf attacks as it pursues you! The wolf barely misses you.
Prince Ribbit attacks as he pursues you!
Prince Ribbit barely misses you. The wolf closely misses you.
Prince Ribbit blinks!
The wight attacks as it pursues you! The wight closely misses you.
The wolf completely misses you.
There is a stone staircase leading up here.
Prince Ribbit blinks!
The wolf closely misses you.
The wight hits you from afar with a +3 spear of freezing.
* * * LOW HITPOINT WARNING * * *
The wight freezes you.
* * * LOW HITPOINT WARNING * * *
You climb upwards.
There is a stone staircase leading down here.
You hit the wolf but do no damage.
The wolf is severely wounded.
The wolf bites you!
You die...

#.#######.# #.
#####.#######.##########.
####............^....[.##...
#.........#..###..........##
#.##.###.##..# #######.##...
#.##.# #.##..#### #.####.
#.##.# #........### #.# #.
#.##.###.##.h#..<)# #.# ##
#.##.##..##@.##.#.# #.#####
#.##.##.###..####.# #)##...
#.##.........# #.# #.##.##
#####..####.###.##
#.####.##.## #.........#.#
#.#####.........##
#.####.##.#.#
#............##### #.#
#.##.#.# ############## #
##.####.##.#.####### #
........##<#.......#####


You could see a wolf.

Vanquished Creatures
  A two-headed ogre (D:9)
  Jeremiah (D:6)
  A troll (D:9)
  A hornet (D:7)
  Sigmund (D:2)
  Eustachio (D:5)
  A steam dragon (D:7)
  Menkaure (D:5)
  2 acid dragons (D:9)
  A water moccasin (D:6)
  2 ice beasts
  3 sky beasts
  An ogre (D:5)
  3 wolves (D:9)
  A centaur (D:6)
  A phantom (D:6)
  3 kobold brigands
  A bullfrog (D:7)
  A scorpion (D:7)
  7 wights
  4 killer bees (D:7)
  7 howler monkeys
  An electric eel (D:9)
  2 jellies (D:5)
  5 hounds
  An orc priest (D:9)
  3 iguanas
  15 orc wizards
  A river rat (Sewer)
  11 adders
  A white imp (D:7)
  A worm (D:2)
  4 dart slugs
  27 orcs
  A bat (D:1)
  7 endoplasms
  5 giant cockroaches
  A goblin (D:1)
  4 hobgoblins
  15 jackals
  6 quokkas
  5 ball pythons
  4 frilled lizards
  25 kobolds
  12 rats
202 creatures vanquished.

Notes
Turn   | Place    | Note
-------+----------+-------------------------------------------
     0 | D:1      | Dittersdorf the Gargoyle Fighter began the quest for the
                  | Orb.
     0 | D:1      | Reached XP level 1. HP: 14/14 MP: 1/1
    50 | D:1      | Found Fawoty's Magic Scroll Emporium.
   237 | D:1      | Reached XP level 2. HP: 19/19 MP: 2/2
   892 | D:2      | Reached XP level 3. HP: 23/23 MP: 3/3
   915 | D:2      | You fall into a shaft and drop 2 floors!
   980 | D:4      | Reached XP level 4. HP: 24/29 MP: 4/4
  1104 | D:4      | Found a glowing drain.
  1114 | Sewer    | Entered a sewer
  1231 | Sewer    | Reached XP level 5. HP: 29/33 MP: 5/5
  1375 | Sewer    | Noticed a kobold brigand
  1392 | Sewer    | Killed a kobold brigand
  1393 | Sewer    | Reached XP level 6. HP: 36/39 MP: 6/6
  2089 | D:2      | Noticed Sigmund
  2110 | D:2      | Killed Sigmund
  2111 | D:2      | Reached skill level 5 in Fighting
  2111 | D:2      | Reached skill level 5 in Armour
  2111 | D:2      | Reached skill level 5 in Shields
  2309 | D:2      | Reached XP level 7. HP: 44/44 MP: 7/7
  2385 | D:2      | Found Lorosko's Jewellery Shop.
  3422 | D:4      | Found a runed translucent door.
  3423 | D:4      | Noticed a two-headed ogre
  3449 | D:4      | Noticed Pokonic1's ghost (novice DsIE)
  3721 | D:5      | Entered Level 5 of the Dungeon
  3995 | D:5      | Noticed Eustachio
  4061 | D:5      | Killed Eustachio
  4184 | D:5      | Reached XP level 8. HP: 35/51 MP: 8/8
  4391 | D:5      | Noticed Menkaure
  4400 | D:5      | Killed Menkaure
  4401 | D:5      | Reached skill level 5 in Maces & Flails
  4732 | D:6      | Found a burning altar of Makhleb.
  5221 | D:6      | Found a blossoming altar of Fedhas.
  5261 | D:6      | Noticed a shadow
  5266 | D:6      | Found a runed translucent gate.
  5266 | D:6      | Found a runed translucent gate.
  5267 | D:6      | Found a runed translucent gate.
  5274 | D:6      | Noticed HilariousDeathArtist's ghost (novice KoHs)
  5311 | D:6      | Noticed Jeremiah
  5340 | D:6      | Killed Jeremiah
  5341 | D:6      | Reached XP level 9. HP: 5/57 MP: 9/9
  5992 | D:6      | Found Dask's Antique Weapon Emporium.
  6000 | D:6      | Bought a slimy flail for 204 gold pieces
  6000 | D:6      | Identified the +7 flail of Sesehon {flame, rElec rF+ rN+
                  | rCorr} (You bought it in a shop on level 6 of the Dungeon)
  6080 | D:6      | Found a white marble altar of Elyvilon.
  6297 | D:7      | Found a staircase to the Ecumenical Temple.
  6308 | Temple   | Entered the Ecumenical Temple
  6316 | Temple   | Became a worshipper of Warmaster Okawaru
  6389 | D:7      | Noticed a hornet
  6394 | D:7      | Killed a hornet
  6820 | D:7      | Found a runed translucent gate.
  6820 | D:7      | Found a runed translucent gate.
  6820 | D:7      | Noticed Selrock's ghost (novice GrFi)
  6821 | D:7      | Found a runed translucent gate.
  6821 | D:7      | Noticed a kobold demonologist
  7098 | D:8      | Found a hazy altar of Hepliaklqana.
  7256 | D:8      | Reached XP level 10. HP: 64/64 MP: 10/10
  7303 | D:8      | Found an ancient bone altar of Kikubaaqudgha.
  7307 | D:8      | Reached * piety under Okawaru
  7664 | D:8      | Found Loroupi's Armour Shop.
  7860 | D:9      | Noticed a two-headed ogre
  7869 | D:9      | Killed a two-headed ogre
  8327 | D:9      | Found a staircase to the Lair.
  8359 | D:9      | Reached ** piety under Okawaru
  8384 | D:9      | Noticed Prince Ribbit
  8390 | D:9      | HP: 2/66 [electric eel/bolt of electricity (2)]
  8425 | D:8      | Slain by a wolf

Illustrated notes

Levels and vault maps discovered:
D:1:      ncdulo_lavacross, layout_basic, serial_shops, nicolae_shop_rolled_up,
          minmay_close_crescents
D:2:      layout_basic, serial_shops, nicolae_shop_back_alley_shop,
          grunt_ministairs_3, minivault_4, uniq_sigmund
D:3:      layout_loops_corners, minmay_hedge_maze, grunt_ministairs_11
D:4:      layout_cave_pools, gup_sewer_entry_bubbles, ebering_ghost_inner_flame
D:5:      layout_basic, hangedman_abyss_or_decor_lesser_grid,
          minmay_door_square, uniq_menkaure, uniq_eustachio
D:6:      layout_gridville, mainiacjoe_overflow_chevrons,
          mainiacjoe_overflow_brackets, mainiacjoe_overflow_tiny_flanked,
          gammafunk_ghost_split, serial_shops, shop, uniq_jeremiah
D:7:      layout_basic, minmay_temple_entry_drinking_statues,
          gammafunk_ghost_nasty_kobolds, minmay_statues_item
D:8:      layout_loops_ring, nicolae_hepliaklqana_hazy_memory,
          nicolae_overflow_crystal_walls, serial_shops, kennysheep_mini_moat,
          grunt_decor_one_mirror
D:9:      layout_stronghold, nicolae_ashenzari_panopticon, vehumet_statue,
          erik_lair_island, uniq_prince_ribbit1, uniq_grum
Temple:   nicolae_temple_no_exploring_needed

Skill      XL: |  1  2  3  4  5  6  7  8  9 10 |
---------------+-------------------------------+-----
Shields        | 4 5 6 8 9 |  9.1
Armour         | 4 5 7 8 9 |  9.1
Fighting       | 4 5 7 8 9 |  9.1
Maces & Flails | 3 4 5 7 8 |  8.0

Action                     |  1- 3 |  4- 6 |  7- 9 | 10-12 || total
---------------------------+-------+-------+-------+-------++-------
  Melee: Flail             |   103 |   231 |   431 |   104 ||   869
  Throw: Dart              |       |       |    14 |     1 ||    15
  Evoke: Wand              |       |       |     4 |       ||     4
    Use: Scroll            |     5 |     5 |    10 |       ||    20
         Potion            |       |       |       |     1 ||     1
 Armour: Scale mail        |    64 |     6 |       |       ||    70
         Chain mail        |       |   147 |   249 |    72 ||   468
  Dodge: Dodged            |    48 |   105 |   224 |    75 ||   452
  Block: Buckler           |    24 |    63 |   122 |    33 ||   242

Table legend: (Time is in decaauts)
 A = Elapsed time spent in this place.
 B = Non-inter-level travel time spent in this place.
 C = Inter-level travel time spent in this place.
 D = Time resting spent in this place.
 E = Time spent auto-exploring this place.
 F = Levels seen in this place.
 G = Mean time per level.
                   A        B        C        D        E       F      G
               +--------+--------+--------+--------+--------+-----+--------+
         Total |   8763 |   8482 |    281 |    545 |   5719 |  11 |  796.6 |
       Dungeon |   7953 |   7686 |    267 |    545 |   5230 |   9 |  883.7 |
        Temple |     16 |      2 |     14 |      0 |      0 |   1 |   16.0 |
         Sewer |    793 |    793 |      0 |      0 |    488 |   1 |  793.0 |
               +--------+--------+--------+--------+--------+-----+--------+

Top non-repeatable levels by time:
     D:6: 1266 daAuts
     D:5: 1178 daAuts
     D:3: 968 daAuts
     D:1: 861 daAuts
     D:7: 856 daAuts
     D:8: 848 daAuts
     D:4: 825 daAuts
   Sewer: 793 daAuts
     D:2: 582 daAuts
     D:9: 566 daAuts
  Temple: 16 daAuts
